 Dungeon Crawl Stone Soup version 0.16-a0-791-gf1c67de (webtiles) character file.

65 JacquesDerrida the Insei (level 3, -3/26 HPs)
             Began as a Demonspawn Transmuter on Sept 27, 2014.
             Slain by an orc
             ... wielding a +0 short sword
              (6 damage)
             ... on Level 3 of the Dungeon.
             The game lasted 00:05:38 (1527 turns).

JacquesDerrida the Insei (Demonspawn Transmuter)    Turns: 1527, Time: 00:05:39

HP  -3/26        AC  3     Str 10      XL: 3   Next: 94%
MP   5/6         EV 11     Int 14      God:
Gold 79          SH  0     Dex 14      Spells:  1 memorised,  5 levels left

rFire  . . .     SeeInvis .       - Unarmed
rCold  + . .     Clarity  .     p - +0 leather armour
rNeg   . . .     rCorr    .     (no shield)
rPois  .         rRot     .     (no helmet)
rElec  .         Spirit   .     (no cloak)
SustAb .         Warding  .     (no gloves)
rMut   .         Stasis   .     (boots unavailable)
Gourm  .                        (no amulet)
MR     .....                    (no ring)
                                j - ring of protection from cold

@: appendage (expiring), not resistant to hostile enchantments, very unstealthy
A: claws 1, talons 3
a: End Transformation


You were on level 3 of the Dungeon.
You were hungry.
You had grown temporary talons.
You visited 1 branch of the dungeon, and saw 3 of its levels.

You collected 79 gold pieces.

Inventory:

Missiles
 b - 44 arrows
 k - 6 poisoned needles
 m - 5 curare-tipped needles
Armour
 c - a +0 robe
 p - a +0 leather armour (worn)
Comestibles
 a - 2 bread rations
 f - a beef jerky
 q - 3 chunks of orc flesh
Scrolls
 e - a scroll of fog {unknown}
 g - a scroll of remove curse {unknown}
 h - a scroll of identify {unknown}
 i - a scroll of recharging {unknown}
 l - a scroll of teleportation {unknown}
 n - a scroll of enchant weapon {unknown}
Jewellery
 j - a ring of protection from cold (left claw)
Potions
 o - a potion of mutation {unknown}
Books
 d - a book of Changes

   Spells                             Type                      Level
   *Beastly Appendage                 Transmutation                1
   Sticks to Snakes                   Transmutation                2
   Spider Form                        Transmutation/Poison         3
   Ice Form                           Ice/Transmutation            4
   Blade Hands                        Transmutation                5


   Skills:
 - Level 1.0 Fighting
 - Level 1.7 Dodging
 + Level 4.4 Unarmed Combat
 - Level 2.0 Spellcasting
 - Level 1.7 Transmutations


You had 5 spell levels left.
You knew the following spells:

 Your Spells              Type           Power        Failure   Level  Hunger
a - Beastly Appendage     Trmt           #.....       14%         1    ##.....


Dungeon Overview and Level Annotations

Branches:
Dungeon (3/15)

Altars:
The Shining One


Innate Abilities, Weirdness & Mutations

You have sharp fingernails.
You have claws for feet.


Message History

The orc priest begins to bleed from its wounds!
You claw the orc priest.
The orc priest is lightly wounded.
The orc hits you but does no damage. The orc priest misses you.
You claw the orc priest!
The orc priest is heavily wounded.
Your transformation is almost over.
The orc hits you with a short sword. The orc priest hits you.
You claw the orc priest!
You claw the orc priest, but do no damage.
The orc priest is almost dead.
The orc hits you with a short sword. The orc hits you but does no damage.
The orc hits you with a short sword.
The orc priest mumbles some strange prayers to Beogh against you.
Pain shoots through your body!
* * * LOW HITPOINT WARNING * * *
You closely miss the orc priest.
The orc priest is almost dead.
The orc hits you but does no damage. The orc hits you with a short sword.
You die...

...######.......#
...........$....#
................##
!....................
....##....(<..###.....
...##........###.....
......................
#...............##...
#.....#...#.o@.)#
#.....#...#..oo.#
####.........#...(.#
.....).............+
...(###..........###
....))<..............
###..(...........###.
#......###.....#
#......# #.....#


You could see an orc priest (bleeding) and 2 orcs.

Vanquished Creatures
  2 adders (D:2)
  A giant gecko (D:1)
  2 orcs
  A ball python (D:1)
  3 giant cockroaches
  4 hobgoblins
  6 jackals (D:2)
  A quokka (D:3)
  4 bats
  2 giant newts (D:1)
  2 goblins (D:2)
  9 kobolds
  5 rats
42 creatures vanquished.

Notes
Turn   | Place    | Note
--------------------------------------------------------------
     0 | D:1      | JacquesDerrida, the Demonspawn Transmuter, began the quest for the Orb.
     0 | D:1      | Reached XP level 1. HP: 15/15 MP: 3/3
   133 | D:1      | Reached skill level 3 in Unarmed Combat
   270 | D:1      | Gained mutation: You have sharp fingernails. [demonic ancestry]
   270 | D:1      | Reached XP level 2. HP: 4/21 MP: 2/4
   569 | D:2      | Found a glowing golden altar of the Shining One.
   678 | D:2      | Reached XP level 3. HP: 4/26 MP: 4/6
   689 | D:2      | HP: 1/26 [poisoned by an adder]
   926 | D:2      | Reached skill level 4 in Unarmed Combat
  1527 | D:3      | Slain by an orc

Action                   || total
-------------------------++-------
Melee: Unarmed           ||   124
 Cast: Beastly Appendage ||    13
 Stab: Sleeping          ||     1
  Eat: Chunk             ||     2
